 Dungeon Crawl Stone Soup version 0.31-a0-237-g2d982f9f85 (webtiles) character file.

Game seed: 7412737720527328471

376 LeprechaunX the Insei (level 6, 0/41 HPs)
             Began as an Octopode Transmuter on July 11, 2023.
             Slain by an ogre
             ... wielding a +0 giant club
              (21 damage)
             ... on level 4 of the Dungeon.
             The game lasted 00:06:07 (2950 turns).

LeprechaunX the Insei (Octopode Transmuter)         Turns: 2950, Time: 00:06:08

Health: 0/41       AC:  5    Str: 12    XL:     6   Next: 73%
Magic:  9/11       EV: 14    Int: 17    God:
Gold:   151        SH:  0    Dex: 16    Spells: 9/12 levels left

rFire   . . .        o - +2 dagger of Loniycw {venom, Fly Int+2 Dex+4}
rCold   . . .        (no shield)
rNeg    . . .        (helmet restricted)
rPois   .            b - amulet of faith
rElec   .            e - +4 ring of protection
rCorr   .            (no ring)
SInv    .            (no ring)
Will    .....        (no ring)
Stlth   ++           (no ring)
HPRegen 0.26/turn    (no ring)
MPRegen 0.12/turn    (no ring)
                     (no ring)

%: faith
@: wereblooded, flying
A: almost no armour, amphibious, 8 rings, camouflage 1, gelatinous body 1,
(nimble swimmer 1), tentacles
a: no special abilities


You were on level 4 of the Dungeon.
You visited 1 branch of the dungeon, and saw 4 of its levels.

You collected 151 gold pieces.

Inventory:

Hand Weapons
 o - the +2 dagger of Loniycw (weapon) {venom, Fly Int+2 Dex+4}
   (You found it on level 3 of the Dungeon)

   Int:       It affects your intelligence (+2).
   Dex:       It affects your dexterity (+4).
   Fly:       It grants you flight.
Missiles
 g - 6 poisoned darts
Jewellery
 b - an amulet of faith (around mantle)
 e - a +4 ring of protection (left tentacle)
Scrolls
 c - a scroll of identify {unknown}
 d - a scroll of fear {unknown}
 h - a scroll of acquirement {unknown}
 k - a scroll of blinking {unknown}
 l - a scroll of immolation {unknown}
 m - 3 scrolls of teleportation {unknown}
 n - a scroll of enchant armour {unknown}
 p - a scroll of fog {unknown}
Potions
 a - a potion of lignification
 f - a potion of attraction {unknown}
 i - a potion of haste {unknown}
 j - 2 potions of mutation {unknown}


   Skills:
 + Level 2.7 Fighting
 + Level 3.1 Dodging
 * Level 4.6 Unarmed Combat
 * Level 3.7 Spellcasting
 + Level 3.1 Transmutations


You had 9 spell levels left.
You knew the following spells:

 Your Spells              Type           Power      Damage    Failure   Level
a - Beastly Appendage     Tmut           26%        N/A       4%          1
b - Wereblood             Tmut           13%        N/A       7%          2

Your spell library contained the following spells:

 Spells                   Type           Power      Damage    Failure   Level
 Shock                    Conj/Air       12%        1d3       16%         1
 Spider Form              Tmut/Pois      8%         N/A       26%         3
 Dazzling Flash           Conj/Hex       6%         N/A       43%         3
 Swiftness                Air            3%         N/A       43%         3
 Ice Form                 Ice/Tmut       8%         N/A       65%         4
 Airstrike                Air            1%         2d(1-17)  85%         4
 Agony                    Necr           3%         N/A       99%         5
 Silence                  Hex/Air        1%         N/A       99%         5


Dungeon Overview and Level Annotations

Branches:
Dungeon (4/15)
 Temple: D:4-7

Altars:

Shops:
D:3 !

Annotations:
D:3 3 runed translucent doors, arthad's ghost, amateur GrEE


Innate Abilities, Weirdness & Mutations

You cannot wear most types of armour.
You are amphibious.
You can wear up to eight rings at the same time.
Your skin changes colour to match your surroundings (Stealth+).
Your rubbery body absorbs attacks. (AC +1, EV +1)
((You are camouflaged when in or above water. (Stealth+)))
You have tentacles for arms and can constrict up to eight enemies at once.


Message History

An orc is nearby!
An orc is nearby!
An orc is nearby!
An orc is nearby!
The orc shouts!
You hear a shout!
An ogre comes into view. It is wielding a +0 giant club.
The ogre shouts!
The orc hits you with a +0 club.
You hit the orc.
The orc is poisoned.
You grab the orc.
The orc is moderately wounded.
You constrict the orc, but do no damage.
An ogre comes into view. It is wielding a +0 giant club.
The orc closely misses you.
You hit the orc.
The orc looks as sick as possible!
The orc is severely wounded.
You constrict the orc.
You kill the orc!
You hit the ogre.
The ogre is poisoned.
You squeeze the ogre!
The ogre is moderately wounded.
The ogre closely misses you.
You hit the ogre.
The ogre looks as sick as possible!
The ogre is heavily wounded.
You hit the ogre.
The ogre looks as sick as possible!
The ogre is severely wounded.
The ogre hits you with a +0 giant club!!
Ouch! That really hurt!
The ogre closely misses you.
You are too injured to fight recklessly!
You are too injured to fight recklessly!
The ogre attacks as you move away! The ogre closely misses you.
You kill the ogre!
Your Dodging skill increases to level 3!
Casting: Wereblood (safe; 7% risk of failure)
Confirm with . or Enter, or press ? or * to list all spells.
Your blood is infused with primal strength.
You completely miss the ogre. The ogre closely misses you.
You hit the ogre but do no damage.
The ogre is poisoned.
The ogre hits you with a +0 giant club!!
Ouch! That really hurt!
You die...

# #.#....>.# ##
######.# .###. #.#
........###.######
.###.#
#.........#### ##
#............# #
#.#...###.##.# #
........ #.#
#.........#@#
##.......##O#
##.#....##.#
#.#.......##
.......$..###.#
.#............#
........).##..#
.#........# .#
#........... #


You could see an ogre (poisoned).

Vanquished Creatures
  Duvessa (D:4)
  An ogre (D:4)
  Dowan (D:4)
  A sleepcap (D:4)
  3 adders
  2 ufetubi (D:4)
  A worm (D:2)
  2 dart slugs
  2 orcs
  6 endoplasms
  4 giant cockroaches
  A goblin (D:3)
  9 hobgoblins
  9 jackals
  4 quokkas
  3 ball pythons
  8 bats
  2 frilled lizards
  6 kobolds
  5 rats
71 creatures vanquished.

Notes
Turn   | Place    | Note
-------+----------+-------------------------------------------
     0 | D:1      | LeprechaunX the Octopode Transmuter began the quest for the
                  | Orb.
     0 | D:1      | Reached XP level 1. HP: 13/13 MP: 3/3
   178 | D:1      | Reached XP level 2. HP: 18/18 MP: 5/5
   828 | D:2      | Reached XP level 3. HP: 21/23 MP: 4/6
  1774 | D:3      | Reached XP level 4. HP: 27/28 MP: 5/7
  1799 | D:3      | Learned a level 2 spell: Wereblood
  2057 | D:3      | Identified the +2 dagger of Loniycw {venom, Fly Int+2
                  | Dex+4}
  2101 | D:3      | Found Ygodghif's Distillery.
  2392 | D:3      | Found a runed translucent gate.
  2392 | D:3      | Identified the +7 sling of the Coward {heavy, Contam rF+
                  | rN+ Int+3}
  2393 | D:3      | Found a runed translucent gate.
  2394 | D:3      | Found a runed translucent gate.
  2417 | D:3      | Noticed arthad's ghost (amateur GrEE)
  2593 | D:4      | Noticed Duvessa
  2593 | D:4      | Noticed Dowan
  2608 | D:4      | Killed Duvessa
  2609 | D:4      | Reached skill level 4 in Unarmed Combat
  2609 | D:4      | Reached XP level 5. HP: 23/34 MP: 6/9
  2614 | D:4      | Killed Dowan
  2615 | D:4      | Reached XP level 6. HP: 33/41 MP: 7/11
  2950 | D:4      | Slain by an ogre

Illustrated notes

Levels and vault maps discovered:
D:1:      kilobyte_arrival_exit_the_forest, layout_basic
D:2:      layout_basic
D:3:      minmay_chambers_of_threes, layout_basic, biasface_ghost_orc_armoury,
          serial_corexii_hall, corexii_hall_statues_l, corexii_hall_statues_i,
          corexii_hall_statues_u, serial_shops, shop
D:4:      layout_loops_ring, uniq_duvessa, uniq_pikel

Skill      XL: |  1  2  3  4  5  6 |
---------------+-------------------+-----
Fighting       | 2 |  2.7
Unarmed Combat | 4 |  4.6
Spellcasting   | 3 |  3.7
Transmutations | 3 |  3.1
Dodging        | 3 |  3.1

Action                     |  1- 3 |  4- 6 || total
---------------------------+-------+-------++-------
  Melee: Unarmed           |    85 |    44 ||   129
         Tentacles         |    21 |    11 ||    32
         Constrict         |    21 |    21 ||    42
         Punch             |     5 |     1 ||     6
         Kick              |     4 |     9 ||    13
         Dagger            |       |    35 ||    35
   Cast: Beastly Appendage |     2 |     2 ||     4
         Wereblood         |       |     2 ||     2
   Stab: Sleeping          |     6 |     1 ||     7
         Distracted        |       |     1 ||     1
 Armour: Skin              |    13 |    17 ||    30
  Dodge: Dodged            |    41 |    55 ||    96

Table legend: (Time is in decaauts)
 A = Elapsed time spent in this place.
 B = Non-inter-level travel time spent in this place.
 C = Inter-level travel time spent in this place.
 D = Time resting spent in this place.
 E = Time spent auto-exploring this place.
 F = Levels seen in this place.
 G = Mean time per level.
                   A        B        C        D        E       F      G
               +--------+--------+--------+--------+--------+-----+--------+
         Total |   2939 |   2740 |    199 |    139 |   2156 |   4 |  734.8 |
       Dungeon |   2939 |   2740 |    199 |    139 |   2156 |   4 |  734.8 |
               +--------+--------+--------+--------+--------+-----+--------+

Top non-repeatable levels by time:
     D:3: 949 daAuts
     D:1: 819 daAuts
     D:2: 812 daAuts
     D:4: 357 daAuts
